 Dungeon Crawl Stone Soup version 0.30-a0-12-gd8047c6341 (webtiles) character file.

Game seed: 9833078778069090169

144 siradein the Trooper (level 5, 0/38 HPs)
             Began as a Demonspawn Chaos Knight on Aug 24, 2022.
             Was a Believer of Hepliaklqana.
             Frozen to death by an endoplasm (4 damage)
             ... on level 3 of the Dungeon.
             The game lasted 00:04:39 (2224 turns).

siradein the Trooper (Demonspawn Chaos Knight)      Turns: 2224, Time: 00:04:40

Health: 0/38       AC:  9    Str: 10    XL:     5   Next: 5%
Magic:  5/5        EV:  4    Int: 14    God:    Hepliaklqana [**....]
Gold:   116        SH:  5    Dex: 12    Spells: 4/4 levels left

rFire   + . .      SeeInvis .    a - +0 spear (chaos)
rCold   . . .      Faith    .    (no shield)
rNeg    . . .      Spirit   .    j - +0 chain mail
rPois   .          Reflect  +    (no helmet)
rElec   .          Harm     .    (no cloak)
rCorr   .          Rampage  .    (no gloves)
Will    .....                    e - +0 pair of boots
Stlth   ..........               f - amulet of reflection
HPRegen 0.12/turn                (no ring)
MPRegen 0.09/turn                (no ring)

@: no status effects
A: reduced essence, claws 2, foul stench 1, talons 1, fire resistance 1,
screaming 1, weak 2
a: Renounce Religion, Recall Ancestor, Ancestor Identity


You were on level 3 of the Dungeon.
You worshipped Hepliaklqana.
Hepliaklqana was pleased with you.
You visited 1 branch of the dungeon, and saw 3 of its levels.

You collected 116 gold pieces.

Inventory:

Hand Weapons
 a - a +0 spear of chaos (weapon)
Armour
 e - a +0 pair of boots (worn)
 j - a +0 chain mail (worn)
Jewellery
 f - an amulet of reflection (around neck)
Wands
 n - a wand of polymorph (5)
Scrolls
 g - 2 scrolls of identify {unknown}
 h - 2 scrolls of teleportation {unknown}
 k - a scroll of enchant weapon {unknown}
 m - a scroll of noise {unknown}
Potions
 b - 2 potions of lignification {unknown}
 d - a potion of cancellation {unknown}
 i - a potion of heal wounds {unknown}
 l - a potion of degeneration {unknown}
Miscellaneous
 c - a piece from Xom's chessboard (15/15) (quivered)


   Skills:
 + Level 4.6 Fighting
 + Level 4.1 Polearms
 - Level 1.7 Armour
 - Level 0.8 Dodging


You had 4 spell levels left.
You didn't know any spells.
Your spell library was empty.

Dungeon Overview and Level Annotations

Branches:
Dungeon (3/15)

Altars:
Hepliaklqana
Makhleb

Shops:
D:2 [


Innate Abilities, Weirdness & Mutations

Your life essence is reduced to manifest your ancestor. (-10% HP)
You have very sharp fingernails.
You may rarely emit foul miasma when damaged in melee.
You have sharp toenails.
Your flesh is heat resistant. (rF+)
You occasionally shout uncontrollably at your foes.
You are very weak. (Str -4)


Message History

The jackal bites you but does no damage.
The endoplasm jiggles.
The goblin hits you but does no damage.
The giant cockroach attacks as you move away!
The giant cockroach bites you but does no damage.
The jackal bites you but does no damage.
You hit the goblin. You burn the goblin.
You kill the goblin!
The worm bites you.
* * * LOW HITPOINT WARNING * * *
You emit a cloud of foul miasma!
The jackal completely misses you. The jackal attacks as you move away!
You block the jackal's attack.
The giant cockroach bites you but does no damage.
The giant cockroach bites you.
* * * LOW HITPOINT WARNING * * *
The worm is engulfed in dark miasma.
The worm is poisoned.
The worm bites you but does no damage. The jackal attacks as you move away!
The jackal bites you but does no damage.
The jackal attacks as you move away! The jackal bites you.
* * * LOW HITPOINT WARNING * * *
You emit a cloud of foul miasma!
The jackal is engulfed in dark miasma.
The jackal is poisoned.
The jackal seems to slow down.
The endoplasm hits you.
* * * LOW HITPOINT WARNING * * *
The jackal bites you but does no damage.
You kill the jackal!
The endoplasm freezes you.
You are frozen.
* * * LOW HITPOINT WARNING * * *
The dart slug bites you.
* * * LOW HITPOINT WARNING * * *
You emit a cloud of foul miasma!
The worm is engulfed in dark miasma.
The worm looks even sicker.
The worm seems to slow down.
The giant cockroach attacks as you move away!
The giant cockroach bites you but does no damage.
The ball python attacks as you move away!
The ball python bites you but does no damage.
The endoplasm freezes you.
You are frozen.
You die...

.................
...............##.
..................
.................
.....=..†§=...#
....).(.w.....#
.....†BS)☼....#
.......hJB....#
.......@wK....#
..............#
#..##.........#
..#...........# .
#.#.†###..?.#
.....# #$#..#
...#.# ..#..#
..... ..>..# ....
#....#


You could see a worm (very poisoned, slow), a dart slug, an endoplasm, a jackal
(agile), 2 giant cockroaches, a ball python and a kobold.

Vanquished Creatures
  Pargi (D:3)
  An adder (D:2)
  4 ball pythons
  4 endoplasms
  A giant cockroach (D:1)
  3 goblins
  7 hobgoblins
  2 jackals (D:3)
  2 kobolds
  2 quokkas
  6 bats
  A frilled lizard (D:1)
  4 rats
38 creatures vanquished.

Vanquished Creatures (collateral kills)
  A dart slug (D:3)
  A ball python (D:2)
  A goblin (D:3)
  A rat (D:2)
4 creatures vanquished.

Vanquished Creatures (others)
  A battlemage (D:3)
1 creature vanquished.

Grand Total: 43 creatures vanquished

Notes
Turn   | Place    | Note
-------+----------+-------------------------------------------
     0 | D:1      | siradein the Demonspawn Chaos Knight began the quest for
                  | the Orb.
     0 | D:1      | Reached XP level 1. HP: 18/18 MP: 1/1
   294 | D:1      | Gained mutation: You have sharp fingernails. [demonic
                  | ancestry]
   294 | D:1      | Reached XP level 2. HP: 23/24 MP: 2/2
   367 | D:1      | XOM: give mutations
   367 | D:1      | Gained mutation: You are weak. (Str -2) [Xom's mischief]
   367 | D:1      | Gained mutation: You are very weak. (Str -4) [Xom's
                  | mischief]
   367 | D:1      | Gained mutation: You occasionally shout uncontrollably at
                  | your foes. [Xom's mischief]
   367 | D:1      | Gained mutation: Your flesh is heat resistant. (rF+) [Xom's
                  | mischief]
   553 | D:1      | XOM: noise
   694 | D:1      | XOM: summons 2 hostile demons
   698 | D:1      | XOM: silly message
   735 | D:1      | HP: 1/24 [something (1)]
  1060 | D:1      | Found a faded altar of an unknown god.
  1204 | D:1      | Prayed at the altar of an unknown god.
  1204 | D:1      | Fell from the grace of Xom
  1204 | D:1      | Became a worshipper of Hepliaklqana the Forgotten
  1204 | D:1      | Reached * piety under Hepliaklqana
  1764 | D:2      | Gained mutation: You may rarely emit foul miasma when
                  | damaged in melee. [demonic ancestry]
  1764 | D:2      | Reached XP level 3. HP: 26/26 MP: 3/3
  1847 | D:2      | Reached ** piety under Hepliaklqana
  1848 | D:2      | Remembered your ancestor Big Dick as a battlemage
  1858 | D:2      | Found a burning altar of Makhleb.
  1937 | D:2      | Found Suloy's Armour Shoppe.
  2094 | D:2      | XOM: give mutations
  2094 | D:2      | Gained mutation: You have sharp toenails. [Xom's grace]
  2094 | D:2      | Gained mutation: You have very sharp fingernails. [Xom's
                  | grace]
  2194 | D:3      | Noticed Pargi
  2205 | D:3      | Killed Pargi
  2206 | D:3      | Reached XP level 4. HP: 20/34 MP: 4/4
  2206 | D:3      | Reached XP level 5. HP: 22/38 MP: 5/5
  2224 | D:3      | Frozen to death by an endoplasm

Illustrated notes

Levels and vault maps discovered:
D:1:      scummos_arrival_forest, layout_loops_corners,
          dreamdust_ecumenical_altar_statues, st_stairs_10
D:2:      layout_loops_corners, basic_altar, serial_shops,
          nicolae_shop_statue_plus, grunt_decor_one_mirror
D:3:      layout_rooms, mainiacjoe_overflow_boulevard,
          mainiacjoe_overflow_paths, gammafunk_ghost_mausoleum,
          minmay_misc_feat_cross, uniq_pargi

Skill      XL: |  1  2  3 |
---------------+----------+-----
Polearms       | 3 4 |  4.1
Fighting       | 4 |  4.6
Armour         | |  1.7
Dodging        | |  0.8

Action                   |  1- 3 |  4- 6 || total
-------------------------+-------+-------++-------
Melee: Spear             |   153 |     8 ||   161
       Punch             |     1 |       ||     1
Invok: Ancestor Identity |     1 |       ||     1
       Ancestor Life: Ba |     1 |       ||     1
Armor: Leather armour    |    63 |       ||    63
       Chain mail        |    19 |    34 ||    53
Dodge: Dodged            |    53 |     5 ||    58
Block: Other             |    30 |     8 ||    38
       Reflection        |       |     1 ||     1

Table legend: (Time is in decaauts)
 A = Elapsed time spent in this place.
 B = Non-inter-level travel time spent in this place.
 C = Inter-level travel time spent in this place.
 D = Time resting spent in this place.
 E = Time spent auto-exploring this place.
 F = Levels seen in this place.
 G = Mean time per level.
                   A        B        C        D        E       F      G
               +--------+--------+--------+--------+--------+-----+--------+
         Total |   2214 |   2153 |     61 |      0 |   1811 |   3 |  738.0 |
       Dungeon |   2214 |   2153 |     61 |      0 |   1811 |   3 |  738.0 |
               +--------+--------+--------+--------+--------+-----+--------+

Top non-repeatable levels by time:
     D:1: 1353 daAuts
     D:2: 826 daAuts
     D:3: 34 daAuts
